Panthers vs Senators

Created - 31 décembre 2020 at 22:22

Goals
1 2 3 T
Panthers 2 2 1 5
Senators 1 1 0 2
Shots
1 2 3 T
Panthers 13 9 10 32
Senators 13 7 10 30

1st period

1. Senators , Valtteri Filppula 6 (Vladimir Tarasenko 11, Vladislav Namestnikov 7) at 2:04
2. Panthers , Nikita Kucherov 14 (Aleksander Barkov 28, Jonathan Huberdeau 16) at 11:37
3. Panthers , Jonathan Huberdeau 9 (Nikita Kucherov 21, Charlie McAvoy 13) at 18:00

Penalties :
Oskar Sundqvist (FLA) for Tripping (Minor) at 12:48

2nd period

4. Senators , Alexander Wennberg 6 (Jakob Chychrun 9) at 3:53 (PP)
5. Panthers , Quinn Hughes 7 (Aleksander Barkov 29, Jeff Petry 23) at 5:35 (PP)
6. Panthers , Dylan Larkin 11 (Colton Parayko 20) at 15:37 (PP)

Penalties :
Oskar Sundqvist (FLA) for Goalie Interference (Minor) at 2:43, Jani Hakanpaa (OTT) for Roughing (Minor) at 4:18, Zdeno Chara (FLA) for Interference (Minor) at 5:48, James Neal (OTT) for Slashing (Minor) at 14:39, Matthew Tkachuk (FLA) for Holding Stick (Minor) at 16:35

3rd period

7. Panthers , Jonathan Huberdeau 10 (Quinn Hughes 30, Jeff Petry 24) at 13:13

Penalties :
Jani Hakanpaa (OTT) for Holding (Minor) at 4:28, Justin Falk (OTT) for Fighting (Major) at 13:47, Zdeno Chara (FLA) for Fighting (Major) at 13:47, Eric Staal (OTT) for Hooking (Minor) at 16:17

Goalie Stats

Corey Crawford (FLA), 28 saves from 30 shots - (0,933), W, 29-1-0, 60:00 minutes
Anton Khudobin (OTT), 27 saves from 32 shots - (0,844), L, 3-10-2, 60:00 minutes

Players Stats for Panthers

Player Name              G  A  P  +/- PIM S  H  SB GA TA FO     MP     PP MP  PK MP  
------------------------------------------------------------------------------------
Aleksander Barkov        0  2  2   3  0   2  0  0  0  0  15/23  19:25   3:04   1:59 
Alex Ovechkin            0  0  0   0  0   3  2  0  0  0  0/0    18:13   3:09   0:31 
Charlie McAvoy           0  1  1   0  0   1  5  1  0  0  0/0    22:27   2:55   3:16 
Colton Parayko           0  1  1   0  0   2  2  0  0  0  0/0    20:28   2:55   1:05 
Derek Grant              0  0  0  -1  0   2  0  0  0  0  8/14   10:19   0:00   4:45 
Dylan Larkin             1  0  1   0  0   4  0  0  0  0  13/22  17:42   3:09   0:00 
Jean-Gabriel Pageau      0  0  0   0  0   0  0  0  0  0  8/17   14:28   0:00   2:17 
Jeff Petry               0  2  2   1  0   0  3  5  0  0  0/0    24:11   3:18   3:51 
Joel Armia               0  0  0   0  0   1  3  0  0  0  1/1    14:28   0:00   2:17 
Jonathan Huberdeau       2  1  3   3  0   3  0  0  0  0  1/1    17:26   3:04   0:00 
Justin Holl              0  0  0   1  0   2  2  0  0  0  0/0    14:13   0:00   0:00 
Matt Calvert             0  0  0  -1  0   0  0  1  0  0  1/1     5:34   0:00   0:00 
Matthew Tkachuk          0  0  0   0  2   6  4  0  0  0  0/0    17:36   3:04   0:00 
Nikita Kucherov          1  1  2   3  0   3  1  0  0  0  0/0    17:31   3:09   0:00 
Oskar Sundqvist          0  0  0  -1  4   1  0  0  0  0  0/0     7:57   0:00   2:25 
Pierre-Luc Dubois        0  0  0   0  0   0  0  0  0  0  0/1    12:11   0:00   0:00 
Quinn Hughes             1  1  2   1  0   2  0  2  0  0  0/0    23:41   3:18   3:44 
Zdeno Chara              0  0  0   1  7   0  0  1  0  0  0/0    14:58   0:00   2:18 

Players Stats for Senators

Player Name              G  A  P  +/- PIM S  H  SB GA TA FO     MP     PP MP  PK MP  
------------------------------------------------------------------------------------
Alex Galchenyuk          0  0  0  -1  0   0  1  0  0  0  2/9     8:39   0:00   0:46 
Alexander Wennberg       1  0  1  -2  0   4  1  0  0  0  0/0    18:29   3:15   0:57 
Chris Wagner             0  0  0  -1  0   0  1  0  0  0  0/0     7:53   0:00   0:00 
Cody Goloubef            0  0  0  -1  0   0  0  1  0  0  0/0    16:23   0:00   1:03 
Derek Ryan               0  0  0   0  0   2  1  0  0  0  1/2    13:44   0:00   1:21 
Eric Staal               0  0  0  -2  2   2  0  0  0  0  11/28  20:43   3:10   3:17 
Jakob Chychrun           0  1  1  -1  0   0  2  1  0  0  0/0    25:06   3:29   2:47 
James Neal               0  0  0   0  2   5  2  0  0  0  1/2    12:22   0:00   0:00 
Jani Hakanpaa            0  0  0  -1  4   0  2  3  0  0  0/0    15:46   0:00   0:00 
Jason Spezza             0  0  0   0  0   2  1  0  0  0  6/11   12:51   0:05   0:23 
Justin Falk              0  0  0   0  5   1  4  1  0  0  0/0    17:44   3:38   2:05 
Mark Stone               0  0  0  -2  0   3  0  1  0  0  0/3    22:04   3:15   4:32 
Mike Green               0  0  0  -1  0   3  1  3  0  0  0/0    25:24   3:29   3:05 
Paul Byron               0  0  0  -1  0   0  0  0  0  0  0/0     8:06   0:00   0:13 
Robert Hagg              0  0  0   0  0   0  2  1  0  0  0/0    19:34   3:38   3:26 
Valtteri Filppula        1  0  1   1  0   1  0  0  0  0  11/22  15:59   3:52   0:00 
Vladimir Tarasenko       0  1  1   1  0   5  2  0  0  0  0/2    16:56   3:52   0:57 
Vladislav Namestnikov    0  1  1   1  0   2  3  0  0  0  1/1    15:59   3:52   0:00 

3 Stars

1 - Jonathan Huberdeau (FLA)
2 - Nikita Kucherov (FLA)
3 - Jeff Petry (FLA)

Power Play

Panthers - 2 on 4 Attempt(s) - 50,00%
Senators - 1 on 4 Attempt(s) - 25,00%

Penalty Kill

Panthers - 3 on 4 Attempt(s) - 75,00% - Score 0 goal in Penalty Kill
Senators - 2 on 4 Attempt(s) - 50,00% - Score 0 goal in Penalty Kill

Team Stat

Panthers - Hits : 22 - Faceoff Wins : 47 - Blocked Shots : 10 - Penalty Minutes : 13
Senators - Hits : 23 - Faceoff Wins : 33 - Blocked Shots : 11 - Penalty Minutes : 13

Official

Referees : Chris Lee and Jake Brenk
Linesman : Bevan Mills and Travis Gawryletz

Game Notes

Zdeno Chara beats up Justin Falk at 13:47 of 3rd period

Finance

Level 1 -- Attendance: 5913 (90,97%) -- Ticket Income 591 300 $
Level 2 -- Attendance: 4884 (97,68%) -- Ticket Income 293 040 $
Level 3 -- Attendance: 3330 (95,14%) -- Ticket Income 116 550 $
Level 4 -- Attendance: 2625 (83,25%) -- Ticket Income 78 750 $
Luxury Box -- Attendance: 894 (89,40%) -- Ticket Income 223 500 $
Game was played at the Canadian Tire Centre.
Total Attendance: 17646 (92,13%)
Total Ticket Income: 1 303 140 $
Other Income: 638 539 $
Total Income: 1 941 679 $

% Time on Ice - Panthers

Lines # - Real PCT - Wanted PCT - Time Play
Normal Forward
1 - 31% - 33% - 14:22
2 - 31% - 33% - 14:33
3 - 26% - 24% - 12:11
4 - 12% - 10% - 5:34
Normal Defense
1 - 34% - 40% - 15:59
2 - 33% - 40% - 15:25
3 - 30% - 20% - 14:13
4 - 2% - 0% - 1:03
PP Forward
1 - 49% - 50% - 3:04
2 - 51% - 50% - 3:09
PP Defense
1 - 53% - 50% - 3:18
2 - 47% - 50% - 2:55
PK Forward
1 - 68% - 60% - 4:50
2 - 32% - 40% - 2:17
PK Defense
1 - 54% - 60% - 3:51
2 - 46% - 40% - 3:16
PK3 Forward
1 - 0% - 60%
2 - 0% - 40%
PK3 Defense
1 - 0% - 60%
2 - 0% - 40%
44 Forward
1 - 0% - 50%
2 - 0% - 50%
44 Defense
1 - 0% - 60%
2 - 0% - 40%
Last Minute Offensive  - 0:00
Last Minute Defensive  - 0:00
Total
Forward - 60:00
Defense - 60:00

% Time on Ice - Senators

Lines # - Real PCT - Wanted PCT - Time Play
Normal Forward
1 - 31% - 40% - 14:17
2 - 26% - 30% - 12:07
3 - 27% - 20% - 12:23
4 - 17% - 10% - 7:53
Normal Defense
1 - 38% - 40% - 17:52
2 - 27% - 30% - 12:30
3 - 33% - 20% - 15:20
4 - 2% - 10% - 0:58
PP Forward
1 - 46% - 60% - 3:15
2 - 54% - 40% - 3:52
PP Defense
1 - 49% - 60% - 3:29
2 - 51% - 40% - 3:38
PK Forward
1 - 85% - 60% - 5:16
2 - 15% - 40% - 0:57
PK Defense
1 - 45% - 60% - 2:47
2 - 55% - 40% - 3:26
PK3 Forward
1 - 0% - 60%
2 - 0% - 40%
PK3 Defense
1 - 0% - 60%
2 - 0% - 40%
44 Forward
1 - 0% - 60%
2 - 0% - 40%
44 Defense
1 - 0% - 60%
2 - 0% - 40%
Last Minute Offensive  - 0:00
Last Minute Defensive  - 0:00
Total
Forward - 60:00
Defense - 60:00

Play-by-Play

1st period


0:01 of 1st period - Eric Staal wins face-off versus Aleksander Barkov in neutral zone.
0:07 of 1st period - Jakob Chychrun is hit by Jeff Petry and loses puck.
0:24 of 1st period - Shot by Aleksander Barkov.
0:24 of 1st period - Deflect By Nikita Kucherov.
0:24 of 1st period - Shot Blocked by Mark Stone.
1:03 of 1st period - Shot by Alex Ovechkin.
1:03 of 1st period - Stopped by Anton Khudobin without a rebound.
1:04 of 1st period - Jason Spezza wins face-off versus Jean-Gabriel Pageau in Senators zone.
1:06 of 1st period - Icing by James Neal.
1:07 of 1st period - Jason Spezza wins face-off versus Dylan Larkin in Senators zone.
1:12 of 1st period - Shot by Derek Ryan.
1:12 of 1st period - Shot Misses the Net.
1:16 of 1st period - Shot by James Neal.
1:16 of 1st period - Shot Blocked by Charlie McAvoy.
1:25 of 1st period - Shot by James Neal.
1:25 of 1st period - Deflect By Jason Spezza.
1:25 of 1st period - Stopped by Corey Crawford with a rebound.
1:27 of 1st period - Shot by Jason Spezza.
1:27 of 1st period - Shot Misses the Net.
1:29 of 1st period - Shot by Derek Ryan.
1:29 of 1st period - Stopped by Corey Crawford without a rebound.
1:30 of 1st period - Jean-Gabriel Pageau wins face-off versus Alex Galchenyuk in Panthers zone.
1:45 of 1st period - Shot by Joel Armia.
1:45 of 1st period - Stopped by Anton Khudobin without a rebound.
1:46 of 1st period - Valtteri Filppula wins face-off versus Derek Grant in Senators zone.
1:53 of 1st period - Derek Grant is hit by Vladimir Tarasenko and loses puck.
2:00 of 1st period - Shot by Vladimir Tarasenko.
2:00 of 1st period - Shot Blocked by Matt Calvert.
2:02 of 1st period - Shot by Valtteri Filppula.
2:02 of 1st period - Shot Misses the Net.
2:04 of 1st period - Shot by Valtteri Filppula.
2:04 of 1st period - Goal by Valtteri Filppula - Panthers : 0 - Senators : 1.
2:05 of 1st period - Jean-Gabriel Pageau wins face-off versus Eric Staal in neutral zone.
3:23 of 1st period - Dylan Larkin is hit by Robert Hagg and loses puck.
4:01 of 1st period - Shot by James Neal.
4:01 of 1st period - Stopped by Corey Crawford without a rebound.
4:02 of 1st period - Derek Grant wins face-off versus Alex Galchenyuk in Panthers zone.
4:17 of 1st period - Shot by Derek Grant.
4:17 of 1st period - Stopped by Anton Khudobin without a rebound.
4:18 of 1st period - Jason Spezza wins face-off versus Aleksander Barkov in Senators zone.
4:23 of 1st period - Jonathan Huberdeau is hit by Derek Ryan and loses puck.
4:30 of 1st period - Shot by James Neal.
4:30 of 1st period - Stopped by Corey Crawford with a rebound.
5:41 of 1st period - Shot by Dylan Larkin.
5:41 of 1st period - Deflect By Alex Ovechkin.
5:41 of 1st period - Shot Misses the Net.
5:47 of 1st period - Shot by Alex Ovechkin.
5:47 of 1st period - Stopped by Anton Khudobin with a rebound.
5:49 of 1st period - Shot by Charlie McAvoy.
5:49 of 1st period - Shot Blocked by Jani Hakanpaa.
5:51 of 1st period - Shot by Dylan Larkin.
5:51 of 1st period - Stopped by Anton Khudobin without a rebound.
5:52 of 1st period - Valtteri Filppula wins face-off versus Jean-Gabriel Pageau in Senators zone.
6:11 of 1st period - Shot by Valtteri Filppula.
6:11 of 1st period - Shot Misses the Net.
7:36 of 1st period - Shot by Derek Ryan.
7:36 of 1st period - Shot Blocked by Jeff Petry.
7:48 of 1st period - Shot by James Neal.
7:48 of 1st period - Shot Misses the Net.
8:07 of 1st period - Icing by Jason Spezza.
8:08 of 1st period - James Neal wins face-off versus Aleksander Barkov in Senators zone.
8:38 of 1st period - Shot by Aleksander Barkov.
8:38 of 1st period - Stopped by Anton Khudobin without a rebound.
8:39 of 1st period - Derek Grant wins face-off versus Eric Staal in Senators zone.
9:52 of 1st period - Shot by Vladislav Namestnikov.
9:52 of 1st period - Shot Misses the Net.
9:54 of 1st period - Shot by Vladislav Namestnikov.
9:54 of 1st period - Stopped by Corey Crawford without a rebound.
9:55 of 1st period - Aleksander Barkov wins face-off versus Alex Galchenyuk in Panthers zone.
10:04 of 1st period - Shot by Nikita Kucherov.
10:04 of 1st period - Stopped by Anton Khudobin without a rebound.
10:05 of 1st period - Alex Galchenyuk wins face-off versus Dylan Larkin in Senators zone.
10:33 of 1st period - Shot by Dylan Larkin.
10:33 of 1st period - Shot Blocked by Robert Hagg.
10:35 of 1st period - Shot by Charlie McAvoy.
10:35 of 1st period - Shot Misses the Net.
10:50 of 1st period - Paul Byron is hit by Charlie McAvoy and loses puck.
11:22 of 1st period - Off-side.
11:23 of 1st period - Eric Staal wins face-off versus Aleksander Barkov in neutral zone.
11:25 of 1st period - Mark Stone is hit by Justin Holl.
11:37 of 1st period - Shot by Nikita Kucherov.
11:37 of 1st period - Goal by Nikita Kucherov - Panthers : 1 - Senators : 1.
11:38 of 1st period - Valtteri Filppula wins face-off versus Jean-Gabriel Pageau in neutral zone.
11:41 of 1st period - Joel Armia is hit by Vladislav Namestnikov and loses puck.
11:52 of 1st period - Shot by Joel Armia.
11:52 of 1st period - Shot Blocked by Cody Goloubef.
12:35 of 1st period - Icing by Zdeno Chara.
12:36 of 1st period - Eric Staal wins face-off versus Aleksander Barkov in Panthers zone.
12:39 of 1st period - Shot by Alexander Wennberg.
12:39 of 1st period - Shot Misses the Net.
12:41 of 1st period - Shot by Mark Stone.
12:41 of 1st period - Stopped by Corey Crawford without a rebound.
12:42 of 1st period - Derek Grant wins face-off versus Eric Staal in Panthers zone.
12:48 of 1st period - Minor Penalty to Oskar Sundqvist for Tripping.
12:49 of 1st period - Eric Staal wins face-off versus Derek Grant in Panthers zone.
12:52 of 1st period - Shot by Mark Stone.
12:52 of 1st period - Deflect By Eric Staal.
12:52 of 1st period - Shot Misses the Net.
12:54 of 1st period - Shot by Eric Staal.
12:54 of 1st period - Stopped by Corey Crawford without a rebound.
12:55 of 1st period - Derek Grant wins face-off versus Eric Staal in Panthers zone.
13:06 of 1st period - Shot by Alexander Wennberg.
13:06 of 1st period - Shot Blocked by Quinn Hughes.
13:08 of 1st period - Shot by Alexander Wennberg.
13:08 of 1st period - Stopped by Corey Crawford without a rebound.
13:09 of 1st period - Valtteri Filppula wins face-off versus Derek Grant in Panthers zone.
13:11 of 1st period - Vladimir Tarasenko is hit by Charlie McAvoy and loses puck.
13:30 of 1st period - Shot by Vladimir Tarasenko.
13:30 of 1st period - Shot Misses the Net.
13:32 of 1st period - Shot by Justin Falk.
13:32 of 1st period - Shot Misses the Net.
13:46 of 1st period - Shot by Vladislav Namestnikov.
13:46 of 1st period - Shot Misses the Net.
14:05 of 1st period - Alexander Wennberg is hit by Jeff Petry and loses puck.
14:08 of 1st period - Shot by Mike Green.
14:08 of 1st period - Shot Blocked by Jeff Petry.
14:16 of 1st period - Shot by Alexander Wennberg.
14:16 of 1st period - Stopped by Corey Crawford with a rebound.
14:18 of 1st period - Shot by Mike Green.
14:18 of 1st period - Stopped by Corey Crawford with a rebound.
14:30 of 1st period - Shot by Mike Green.
14:30 of 1st period - Stopped by Corey Crawford without a rebound.
14:31 of 1st period - Derek Grant wins face-off versus Valtteri Filppula in Panthers zone.
14:53 of 1st period - Icing by Charlie McAvoy.
14:54 of 1st period - Jason Spezza wins face-off versus Dylan Larkin in Panthers zone.
16:31 of 1st period - Shot by Pierre-Luc Dubois.
16:31 of 1st period - Shot Misses the Net.
16:33 of 1st period - Shot by Zdeno Chara.
16:33 of 1st period - Shot Misses the Net.
16:35 of 1st period - Shot by Justin Holl.
16:35 of 1st period - Stopped by Anton Khudobin without a rebound.
16:36 of 1st period - Derek Grant wins face-off versus Eric Staal in Senators zone.
16:37 of 1st period - Shot by Oskar Sundqvist.
16:37 of 1st period - Shot Blocked by Jakob Chychrun.
17:38 of 1st period - Shot by Matthew Tkachuk.
17:38 of 1st period - Stopped by Anton Khudobin without a rebound.
17:39 of 1st period - Aleksander Barkov wins face-off versus Alex Galchenyuk in Senators zone.
18:00 of 1st period - Shot by Jonathan Huberdeau.
18:00 of 1st period - Goal by Jonathan Huberdeau - Panthers : 2 - Senators : 1.
18:01 of 1st period - Dylan Larkin wins face-off versus Valtteri Filppula in neutral zone.
18:16 of 1st period - Shot by Dylan Larkin.
18:16 of 1st period - Stopped by Anton Khudobin without a rebound.
18:17 of 1st period - Jonathan Huberdeau wins face-off versus Eric Staal in Senators zone.
18:33 of 1st period - Shot by Mark Stone.
18:33 of 1st period - Deflect By Eric Staal.
18:33 of 1st period - Stopped by Corey Crawford without a rebound.
18:34 of 1st period - Valtteri Filppula wins face-off versus Dylan Larkin in Panthers zone.
18:55 of 1st period - Shot by Matthew Tkachuk.
18:55 of 1st period - Stopped by Anton Khudobin without a rebound.
18:56 of 1st period - Aleksander Barkov wins face-off versus Eric Staal in Senators zone.
19:14 of 1st period - Eric Staal is hit by Charlie McAvoy and loses puck.
19:34 of 1st period - Charlie McAvoy is hit by Justin Falk and loses puck.
Goals for this period are 2 for Panthers vs 1 for Senators.
Shots for this period are 13 for Panthers vs 13 for Senators.

2nd period


0:01 of 2nd period - Joel Armia wins face-off versus Eric Staal in neutral zone.
0:34 of 2nd period - Shot by Joel Armia.
0:34 of 2nd period - Shot Misses the Net.
1:05 of 2nd period - Vladislav Namestnikov is hit by Colton Parayko and loses puck.
1:39 of 2nd period - Shot by Derek Ryan.
1:39 of 2nd period - Stopped by Corey Crawford with a rebound.
1:41 of 2nd period - Shot by Derek Ryan.
1:41 of 2nd period - Deflect By James Neal.
1:41 of 2nd period - Stopped by Corey Crawford without a rebound.
1:42 of 2nd period - Aleksander Barkov wins face-off versus Alex Galchenyuk in Panthers zone.
1:54 of 2nd period - Shot by Nikita Kucherov.
1:54 of 2nd period - Shot Misses the Net.
2:02 of 2nd period - Justin Holl is hit by Alex Galchenyuk and loses puck.
2:13 of 2nd period - Shot by Alex Galchenyuk.
2:13 of 2nd period - Shot Misses the Net.
2:43 of 2nd period - Minor Penalty to Oskar Sundqvist for Goalie Interference.
2:44 of 2nd period - Derek Grant wins face-off versus Eric Staal in Panthers zone.
2:55 of 2nd period - Shot by Eric Staal.
2:55 of 2nd period - Shot Misses the Net.
2:57 of 2nd period - Shot by Justin Falk.
2:57 of 2nd period - Stopped by Corey Crawford without a rebound.
2:58 of 2nd period - Vladislav Namestnikov wins face-off versus Derek Grant in Panthers zone.
3:51 of 2nd period - Shot by Jakob Chychrun.
3:51 of 2nd period - Shot Blocked by Zdeno Chara.
3:53 of 2nd period - Shot by Alexander Wennberg.
3:53 of 2nd period - Goal by Alexander Wennberg - Panthers : 2 - Senators : 2.
3:54 of 2nd period - Jason Spezza wins face-off versus Dylan Larkin in neutral zone.
3:54 of 2nd period - Jason Spezza is hit by Matthew Tkachuk.
4:08 of 2nd period - Derek Ryan is hit by Alex Ovechkin and loses puck.
4:18 of 2nd period - Minor Penalty to Jani Hakanpaa for Roughing.
4:19 of 2nd period - Dylan Larkin wins face-off versus Eric Staal in Senators zone.
5:06 of 2nd period - Icing by Matthew Tkachuk.
5:07 of 2nd period - Aleksander Barkov wins face-off versus Eric Staal in Panthers zone.
5:20 of 2nd period - Shot by Jeff Petry.
5:20 of 2nd period - Shot Misses the Net.
5:35 of 2nd period - Shot by Quinn Hughes.
5:35 of 2nd period - Goal by Quinn Hughes - Panthers : 3 - Senators : 2.
5:36 of 2nd period - Valtteri Filppula wins face-off versus Jean-Gabriel Pageau in neutral zone.
5:48 of 2nd period - Minor Penalty to Zdeno Chara for Interference.
5:49 of 2nd period - Valtteri Filppula wins face-off versus Derek Grant in Panthers zone.
6:54 of 2nd period - Shot by Eric Staal.
6:54 of 2nd period - Shot Misses the Net.
8:01 of 2nd period - Matthew Tkachuk is hit by Jani Hakanpaa and loses puck.
8:35 of 2nd period - Chris Wagner is hit by Matthew Tkachuk and loses puck.
9:14 of 2nd period - Quinn Hughes is hit by Justin Falk and loses puck.
9:18 of 2nd period - Icing by Justin Falk.
9:19 of 2nd period - Jean-Gabriel Pageau wins face-off versus Jason Spezza in Senators zone.
9:19 of 2nd period - Jean-Gabriel Pageau is hit by Robert Hagg.
9:27 of 2nd period - Shot by Jean-Gabriel Pageau.
9:27 of 2nd period - Shot Misses the Net.
9:37 of 2nd period - Jean-Gabriel Pageau is hit by James Neal and loses puck.
9:43 of 2nd period - Derek Ryan is hit by Colton Parayko and loses puck.
10:38 of 2nd period - Shot by Alexander Wennberg.
10:38 of 2nd period - Deflect By Mark Stone.
10:38 of 2nd period - Stopped by Corey Crawford without a rebound.
10:39 of 2nd period - Aleksander Barkov wins face-off versus Valtteri Filppula in Panthers zone.
10:46 of 2nd period - Jakob Chychrun is hit by Nikita Kucherov and loses puck.
10:59 of 2nd period - Shot by Vladimir Tarasenko.
10:59 of 2nd period - Stopped by Corey Crawford with a rebound.
11:27 of 2nd period - Shot by Alexander Wennberg.
11:27 of 2nd period - Deflect By Eric Staal.
11:27 of 2nd period - Shot Blocked by Quinn Hughes.
12:05 of 2nd period - Shot by Dylan Larkin.
12:05 of 2nd period - Stopped by Anton Khudobin with a rebound.
12:40 of 2nd period - Shot by Matthew Tkachuk.
12:40 of 2nd period - Deflect By Alex Ovechkin.
12:40 of 2nd period - Shot Blocked by Jani Hakanpaa.
12:56 of 2nd period - Shot by Pierre-Luc Dubois.
12:56 of 2nd period - Shot Misses the Net.
12:58 of 2nd period - Shot by Justin Holl.
12:58 of 2nd period - Stopped by Anton Khudobin without a rebound.
12:59 of 2nd period - Matt Calvert wins face-off versus Valtteri Filppula in Senators zone.
13:00 of 2nd period - Shot by Derek Grant.
13:00 of 2nd period - Stopped by Anton Khudobin without a rebound.
13:01 of 2nd period - Eric Staal wins face-off versus Jean-Gabriel Pageau in Senators zone.
13:17 of 2nd period - Icing by Joel Armia.
13:18 of 2nd period - Valtteri Filppula wins face-off versus Jean-Gabriel Pageau in Panthers zone.
13:36 of 2nd period - Icing by Vladislav Namestnikov.
13:37 of 2nd period - Dylan Larkin wins face-off versus Valtteri Filppula in Senators zone.
13:52 of 2nd period - Shot by Matthew Tkachuk.
13:52 of 2nd period - Stopped by Anton Khudobin without a rebound.
13:53 of 2nd period - Eric Staal wins face-off versus Aleksander Barkov in Senators zone.
14:24 of 2nd period - Shot by Nikita Kucherov.
14:24 of 2nd period - Stopped by Anton Khudobin without a rebound.
14:25 of 2nd period - Dylan Larkin wins face-off versus Valtteri Filppula in Senators zone.
14:37 of 2nd period - Icing by Quinn Hughes.
14:38 of 2nd period - Dylan Larkin wins face-off versus James Neal in Panthers zone.
14:38 of 2nd period - Dylan Larkin is hit by Jason Spezza.
14:39 of 2nd period - Minor Penalty to James Neal for Slashing.
14:40 of 2nd period - Aleksander Barkov wins face-off versus Mark Stone in Senators zone.
15:09 of 2nd period - Shot by Matthew Tkachuk.
15:09 of 2nd period - Stopped by Anton Khudobin with a rebound.
15:19 of 2nd period - Shot by Jeff Petry.
15:19 of 2nd period - Shot Hit the Post.
15:21 of 2nd period - Shot by Quinn Hughes.
15:21 of 2nd period - Stopped by Anton Khudobin without a rebound.
15:22 of 2nd period - Dylan Larkin wins face-off versus Vladimir Tarasenko in Senators zone.
15:37 of 2nd period - Shot by Dylan Larkin.
15:37 of 2nd period - Goal by Dylan Larkin - Panthers : 4 - Senators : 2.
15:38 of 2nd period - Jean-Gabriel Pageau wins face-off versus Valtteri Filppula in neutral zone.
15:38 of 2nd period - Joel Armia is hit by Vladislav Namestnikov and loses puck.
15:47 of 2nd period - Valtteri Filppula is hit by Joel Armia and loses puck.
16:02 of 2nd period - Off-side.
16:03 of 2nd period - Dylan Larkin wins face-off versus Jason Spezza in neutral zone.
16:35 of 2nd period - Minor Penalty to Matthew Tkachuk for Holding Stick.
16:36 of 2nd period - Eric Staal wins face-off versus Derek Grant in Panthers zone.
18:20 of 2nd period - Icing by Robert Hagg.
18:21 of 2nd period - Jean-Gabriel Pageau wins face-off versus Eric Staal in Senators zone.
18:40 of 2nd period - Shot by James Neal.
18:40 of 2nd period - Shot Misses the Net.
19:08 of 2nd period - Shot by James Neal.
19:08 of 2nd period - Stopped by Corey Crawford without a rebound.
19:09 of 2nd period - Dylan Larkin wins face-off versus Alex Galchenyuk in Panthers zone.
19:15 of 2nd period - Alex Ovechkin is hit by Chris Wagner and loses puck.
19:25 of 2nd period - Jakob Chychrun is hit by Matthew Tkachuk and loses puck.
Goals for this period are 2 for Panthers vs 1 for Senators.
Shots for this period are 9 for Panthers vs 7 for Senators.

3rd period


0:01 of 3rd period - Aleksander Barkov wins face-off versus Eric Staal in neutral zone.
0:14 of 3rd period - Shot by Jonathan Huberdeau.
0:14 of 3rd period - Shot Misses the Net.
0:16 of 3rd period - Shot by Aleksander Barkov.
0:16 of 3rd period - Shot Misses the Net.
0:21 of 3rd period - Icing by Jakob Chychrun.
0:22 of 3rd period - Dylan Larkin wins face-off versus Eric Staal in Senators zone.
1:08 of 3rd period - Off-side.
1:09 of 3rd period - Aleksander Barkov wins face-off versus Jason Spezza in neutral zone.
1:14 of 3rd period - Shot by Jonathan Huberdeau.
1:14 of 3rd period - Stopped by Anton Khudobin without a rebound.
1:15 of 3rd period - Aleksander Barkov wins face-off versus Valtteri Filppula in Senators zone.
1:28 of 3rd period - Shot by Vladislav Namestnikov.
1:28 of 3rd period - Stopped by Corey Crawford without a rebound.
1:29 of 3rd period - Jason Spezza wins face-off versus Jean-Gabriel Pageau in Panthers zone.
1:35 of 3rd period - Icing by Jean-Gabriel Pageau.
1:36 of 3rd period - Jean-Gabriel Pageau wins face-off versus Mark Stone in Panthers zone.
1:36 of 3rd period - Jean-Gabriel Pageau is hit by Alexander Wennberg.
1:41 of 3rd period - Icing by Pierre-Luc Dubois.
1:42 of 3rd period - Eric Staal wins face-off versus Jean-Gabriel Pageau in Panthers zone.
2:01 of 3rd period - Off-side.
2:02 of 3rd period - Valtteri Filppula wins face-off versus Aleksander Barkov in neutral zone.
2:13 of 3rd period - Shot by Vladimir Tarasenko.
2:13 of 3rd period - Stopped by Corey Crawford without a rebound.
2:14 of 3rd period - Eric Staal wins face-off versus Dylan Larkin in Panthers zone.
2:31 of 3rd period - Shot by Alex Ovechkin.
2:31 of 3rd period - Stopped by Anton Khudobin with a rebound.
3:30 of 3rd period - Shot by Vladimir Tarasenko.
3:30 of 3rd period - Stopped by Corey Crawford without a rebound.
3:31 of 3rd period - Jean-Gabriel Pageau wins face-off versus Jason Spezza in Panthers zone.
3:31 of 3rd period - Jean-Gabriel Pageau is hit by James Neal.
4:11 of 3rd period - Jason Spezza is hit by Joel Armia.
4:23 of 3rd period - Shot by Oskar Sundqvist.
4:23 of 3rd period - Shot Blocked by Jani Hakanpaa.
4:28 of 3rd period - Minor Penalty to Jani Hakanpaa for Holding.
4:29 of 3rd period - Eric Staal wins face-off versus Dylan Larkin in Senators zone.
4:46 of 3rd period - Colton Parayko is hit by Mike Green and loses puck.
5:15 of 3rd period - Shot by Eric Staal.
5:15 of 3rd period - Shot Misses the Net.
5:17 of 3rd period - Shot by Mike Green.
5:17 of 3rd period - Stopped by Corey Crawford without a rebound.
5:18 of 3rd period - Aleksander Barkov wins face-off versus Vladimir Tarasenko in Panthers zone.
5:18 of 3rd period - Aleksander Barkov is hit by Vladimir Tarasenko.
5:31 of 3rd period - Aleksander Barkov is hit by Justin Falk and loses puck.
5:37 of 3rd period - Aleksander Barkov is hit by Justin Falk and loses puck.
5:44 of 3rd period - Shot by Matthew Tkachuk.
5:44 of 3rd period - Shot Blocked by Justin Falk.
5:46 of 3rd period - Shot by Matthew Tkachuk.
5:46 of 3rd period - Stopped by Anton Khudobin without a rebound.
5:47 of 3rd period - Dylan Larkin wins face-off versus Eric Staal in Senators zone.
5:52 of 3rd period - Shot by Dylan Larkin.
5:52 of 3rd period - Shot Misses the Net.
5:54 of 3rd period - Shot by Charlie McAvoy.
5:54 of 3rd period - Shot Blocked by Mike Green.
5:56 of 3rd period - Shot by Charlie McAvoy.
5:56 of 3rd period - Stopped by Anton Khudobin with a rebound.
5:58 of 3rd period - Shot by Colton Parayko.
5:58 of 3rd period - Stopped by Anton Khudobin without a rebound.
5:59 of 3rd period - Aleksander Barkov wins face-off versus Mark Stone in Senators zone.
6:14 of 3rd period - Shot by Jonathan Huberdeau.
6:14 of 3rd period - Shot Blocked by Mike Green.
6:36 of 3rd period - Shot by James Neal.
6:36 of 3rd period - Shot Misses the Net.
7:47 of 3rd period - Shot by Oskar Sundqvist.
7:47 of 3rd period - Stopped by Anton Khudobin with a rebound.
8:12 of 3rd period - Jeff Petry is hit by Jakob Chychrun and loses puck.
8:36 of 3rd period - Shot by Alexander Wennberg.
8:36 of 3rd period - Stopped by Corey Crawford with a rebound.
8:38 of 3rd period - Shot by Mark Stone.
8:38 of 3rd period - Stopped by Corey Crawford without a rebound.
8:39 of 3rd period - Dylan Larkin wins face-off versus Valtteri Filppula in Panthers zone.
8:46 of 3rd period - Valtteri Filppula is hit by Matthew Tkachuk and loses puck.
9:25 of 3rd period - Off-side.
9:26 of 3rd period - Eric Staal wins face-off versus Pierre-Luc Dubois in neutral zone.
9:42 of 3rd period - Eric Staal is hit by Charlie McAvoy and loses puck.
9:48 of 3rd period - Alexander Wennberg is hit by Charlie McAvoy and loses puck.
10:45 of 3rd period - Shot by Alex Galchenyuk.
10:45 of 3rd period - Shot Misses the Net.
10:47 of 3rd period - Shot by Chris Wagner.
10:47 of 3rd period - Shot Blocked by Jeff Petry.
11:21 of 3rd period - Shot by Vladislav Namestnikov.
11:21 of 3rd period - Shot Misses the Net.
11:57 of 3rd period - Shot by Derek Ryan.
11:57 of 3rd period - Deflect By James Neal.
11:57 of 3rd period - Stopped by Corey Crawford without a rebound.
11:58 of 3rd period - Jean-Gabriel Pageau wins face-off versus Jason Spezza in Panthers zone.
12:27 of 3rd period - Shot by Jean-Gabriel Pageau.
12:27 of 3rd period - Shot Misses the Net.
12:50 of 3rd period - Off-side.
12:51 of 3rd period - Valtteri Filppula wins face-off versus Aleksander Barkov in neutral zone.
12:54 of 3rd period - Shot by Vladimir Tarasenko.
12:54 of 3rd period - Stopped by Corey Crawford with a rebound.
12:56 of 3rd period - Shot by Vladislav Namestnikov.
12:56 of 3rd period - Shot Blocked by Jeff Petry.
12:58 of 3rd period - Shot by Vladimir Tarasenko.
12:58 of 3rd period - Stopped by Corey Crawford without a rebound.
12:59 of 3rd period - Aleksander Barkov wins face-off versus Eric Staal in Panthers zone.
13:09 of 3rd period - Shot by Aleksander Barkov.
13:09 of 3rd period - Stopped by Anton Khudobin with a rebound.
13:11 of 3rd period - Shot by Jeff Petry.
13:11 of 3rd period - Shot Misses the Net.
13:13 of 3rd period - Shot by Quinn Hughes.
13:13 of 3rd period - Deflect By Jonathan Huberdeau.
13:13 of 3rd period - Goal by Jonathan Huberdeau - Panthers : 5 - Senators : 2.
13:14 of 3rd period - Dylan Larkin wins face-off versus Valtteri Filppula in neutral zone.
13:14 of 3rd period - Dylan Larkin is hit by Vladislav Namestnikov.
13:47 of 3rd period - Zdeno Chara beats up Justin Falk.
13:47 of 3rd period - Penalty to Justin Falk for Fighting.
13:47 of 3rd period - Penalty to Zdeno Chara for Fighting.
13:48 of 3rd period - Aleksander Barkov wins face-off versus Eric Staal in Senators zone.
13:52 of 3rd period - Nikita Kucherov is hit by Jakob Chychrun and loses puck.
14:40 of 3rd period - Aleksander Barkov is hit by Jani Hakanpaa and loses puck.
14:59 of 3rd period - Shot by Jason Spezza.
14:59 of 3rd period - Stopped by Corey Crawford without a rebound.
15:00 of 3rd period - Valtteri Filppula wins face-off versus Dylan Larkin in Panthers zone.
15:26 of 3rd period - Shot by Matthew Tkachuk.
15:26 of 3rd period - Stopped by Anton Khudobin without a rebound.
15:27 of 3rd period - Alex Galchenyuk wins face-off versus Jean-Gabriel Pageau in Senators zone.
16:17 of 3rd period - Minor Penalty to Eric Staal for Hooking.
16:18 of 3rd period - Derek Ryan wins face-off versus Dylan Larkin in Senators zone.
16:18 of 3rd period - Derek Ryan is hit by Alex Ovechkin.
16:31 of 3rd period - Off-side.
16:32 of 3rd period - Aleksander Barkov wins face-off versus Derek Ryan in neutral zone.
17:30 of 3rd period - Shot by Colton Parayko.
17:30 of 3rd period - Stopped by Anton Khudobin without a rebound.
17:31 of 3rd period - Dylan Larkin wins face-off versus Alex Galchenyuk in Senators zone.
17:32 of 3rd period - Shot by Nikita Kucherov.
17:32 of 3rd period - Shot Blocked by Mike Green.
18:27 of 3rd period - Vladislav Namestnikov is hit by Joel Armia and loses puck.
18:35 of 3rd period - Vladimir Tarasenko is hit by Justin Holl and loses puck.
18:40 of 3rd period - Shot by Vladimir Tarasenko.
18:40 of 3rd period - Shot Misses the Net.
18:56 of 3rd period - Icing by Vladislav Namestnikov.
18:57 of 3rd period - Derek Grant wins face-off versus Valtteri Filppula in Senators zone.
19:21 of 3rd period - Eric Staal is hit by Jeff Petry and loses puck.
19:42 of 3rd period - Shot by Alexander Wennberg.
19:42 of 3rd period - Shot Misses the Net.
19:44 of 3rd period - Shot by Alexander Wennberg.
19:44 of 3rd period - Shot Misses the Net.
19:46 of 3rd period - Shot by Alexander Wennberg.
19:46 of 3rd period - Shot Blocked by Jeff Petry.
Goals for this period are 1 for Panthers vs 0 for Senators.
Shots for this period are 10 for Panthers vs 10 for Senators.